AoeStats
← Chris Becker

Pilgrims

509373476Analyzed
4v4 RM · 6d ago on Sep 26, 2026· 21m 14s· 8 players
Game mode
Random Map
Map size
Large (8 player)
Population
200
Speed
Normal
Resources
Standard
Victory
Conquest
Starting age
Dark Age
Ending age
Imperial Age
RankedLock teamsTeams togetherTeam positionsShared explorationLock speedFull tech treeHidden civsTurbo modeCheats
Victory
Defeat
🇹🇼 Koreans · Taiwan
1722
+10
🇦🇷 Danes · Argentina
1716
+10
1671
+11
🇹🇼 Japanese · Taiwan
1623
+13
🇹🇼 Varangians · Taiwan
1642
-14
🇩🇪 Chinese · Germany
1567
-11
🇳🇱 Japanese · Netherlands
1554
-10
🇩🇪 Magyars · Germany
1524
-9
Tiekel
7:47 Loom
11:15 Feudal Age
12:08 Town Watch
15:25 Stone Mining
17:41 Castle Age
17:26 Fletching
Chris Becker
8:43 Loom
11:13 Feudal Age
15:16 Castle Age
15:09 Double-Bit Axe
15:38 Horse Collar
19:08 Scale Barding Armor
MDkaiserotto
4:07 Loom
14:30 Feudal Age
18:25 Castle Age
16:31 Fishing Lines
19:44 Bloodlines
19:35 Husbandry
19:41 Scale Barding Armor
19:47 Forging
19:33 Double-Bit Axe
19:28 Horse Collar
鼠條
5:51 Loom
11:54 Feudal Age
13:51 Double-Bit Axe
13:48 Horse Collar
14:38 Bloodlines
16:40 Castle Age
16:41 Forging
16:37 Scale Barding Armor
16:46 Fishing Lines
Kevin10_7414
13:03 Feudal Age
17:10 Castle Age
15:36 Double-Bit Axe
18:05 Fletching
18:36 Medium Warships
19:11 Bodkin Arrow
20:30 Bow Saw
20:29 Fishing Lines
23:59 Imperial Age
默默默默默
10:53 Feudal Age
11:49 Double-Bit Axe
14:31 Castle Age
12:19 Double-Bit Axe
12:45 Fishing Lines
13:08 Town Watch
17:06 Castle Age
17:39 Loom
17:47 Gillnets
18:22 Bow Saw
19:38 Fletching
24:04 Imperial Age
Kevin的下分小幫手
5:24 Loom
11:40 Feudal Age
15:34 Castle Age
13:59 Double-Bit Axe
14:51 Fishing Lines
16:47 Medium Warships
17:12 Stone Mining
17:12 Gold Mining
17:34 Fletching
20:47 Bodkin Arrow
波斯小象
6:11 Loom
7:00 Loom
22:15 Feudal Age
Connection lost

Rejoining the realm…

Still unreachable

The connection could not be restored.

Session expired

The server has moved on; the page needs a fresh start.